 Dungeon Crawl Stone Soup version 0.29.1-12-g30fa7ad0bf (webtiles) character file.

Game seed: 3785943310274439015

3539 KittyFluff the Basher (level 10, -9/63 HPs)
             Began as a Gargoyle Berserker on Jan 1, 2023.
             Was an Elder of Trog.
             Killed by divine providence
             ... invoked by an orc priest
              (13 damage)
             ... on level 9 of the Dungeon.
             The game lasted 00:37:17 (9721 turns).

KittyFluff the Basher (Gargoyle Berserker)          Turns: 9721, Time: 00:37:18

Health: -9/63      AC: 23    Str: 27    XL:     10   Next: 8%
Magic:  10/10      EV: 13    Int:  8    God:    Trog [****..]
Gold:   399        SH:  0    Dex: 13    Spells: 9/9 levels left

rFire   . . .      SeeInvis .   a - +1 mace (protect)
rCold   + . .      Faith    .   (no shield)
rNeg    + . .      Spirit   .   E - +0 acid dragon scales
rPois   ∞          Reflect  .   o - +0 helmet
rElec   +          Harm     .   I - +0 cloak
rCorr   +          Rampage  .   y - +2 pair of gloves
Will    .....                   n - +1 pair of boots
Stlth   ++........              (no amulet)
HPRegen 0.20/turn               z - ring of protection from cold
MPRegen 0.12/turn               J - +6 ring of strength

@: no status effects
A: sickness immunity, AC +7, negative energy resistance 1, electricity
resistance, torment resistance 1, petrification resistance
a: Renounce Religion, Berserk, Trog's Hand, Brothers in Arms


You were on level 9 of the Dungeon.
You worshipped Trog.
Trog was greatly pleased with you.
You visited 1 branch of the dungeon, and saw 9 of its levels.

You collected 443 gold pieces.
You spent 44 gold pieces at shops.

Inventory:

Hand Weapons
 a - a +1 mace of protection (weapon)
 D - a +0 morningstar of flaming
Missiles
 d - 38 stones (quivered)
 p - 5 datura-tipped darts
 r - 12 poisoned darts
 G - 2 curare-tipped darts
Armour
 n - a +1 pair of boots (worn)
 o - a +0 helmet (worn)
 t - a +1 ring mail of fire resistance
 y - a +2 pair of gloves (worn)
 C - a +3 scale mail
 E - +0 acid dragon scales (worn)
 I - a +0 cloak (worn)
Jewellery
 m - an amulet of faith
 z - a ring of protection from cold (left hand)
 J - a +6 ring of strength (right hand)
Wands
 F - a wand of flame (16)
Scrolls
 c - 5 scrolls of fear
 e - 2 scrolls of butterflies
 f - a scroll of silence
 j - 2 scrolls of summoning {unknown}
 k - 3 scrolls of vulnerability
 l - 2 scrolls of magic mapping {unknown}
 q - 4 scrolls of immolation
 v - 2 scrolls of poison {unknown}
 w - a scroll of blinking
Potions
 b - 2 potions of magic {unknown}
 g - 3 potions of haste
 h - 2 potions of lignification {unknown}
 i - 4 potions of curing
 s - 3 potions of mutation
 u - a potion of attraction {unknown}
 x - 3 potions of flight {unknown}
 A - a potion of cancellation {unknown}
 B - a potion of invisibility {unknown}
 H - a potion of degeneration {unknown}


   Skills:
 + Level 7.3 Fighting
 + Level 9.4 Maces & Flails
 + Level 1.2 Throwing
 * Level 7.4 Armour
 + Level 5.1 Dodging
 + Level 2.4 Stealth


You had 9 spell levels left.
You didn't know any spells.
Your spell library was empty.

Dungeon Overview and Level Annotations

Branches:
Dungeon (9/15)             Temple (0/1) D:4
   Lair: D:8-11         Orc: D:9-12

Altars:
Gozag
Makhleb
Nemelex Xobeh
Wu Jian

Shops:
D:2 ?   D:7 *

Annotations:
D:7 2 transporters, wormed's ghost, novice DsGl


Innate Abilities, Weirdness & Mutations

You are immune to sickness and miasma.
Your stone body is resilient. (AC +7)
You are immune to poison.
You resist negative energy. (rN+)
You are resistant to electric shocks. (rElec)
You are resistant to unholy torment.
You are immune to petrification.


Message History

You hit the wraith.
The wraith is almost destroyed.
The orc misses you. The wraith hits you but does no damage.
You barely miss the wraith.
The wraith is almost destroyed.
The orc priest looks encouraged for a moment.
The orc closely misses you. The wraith misses you.
You barely miss the wraith.
The wraith is almost destroyed.
The orc priest mumbles some strange prayers to Beogh against you.
Beogh smites you!
* * * LOW HITPOINT WARNING * * *
The orc closely misses you. The wraith hits you!
* * * LOW HITPOINT WARNING * * *
The wraith barely misses you. The orc hits you with a +0 flail.
* * * LOW HITPOINT WARNING * * *
As you read the scroll of fear, it crumbles to dust.
You assume a fearsome visage.
The wraith is unaffected.
The orc looks frightened!
The orc priest looks frightened! x2
The gnoll looks frightened!
The wraith hits you but does no damage.
You thump the wraith!
Your weapon exudes an aura of protection.
You destroy the wraith!
Trog accepts your kill.
The orc priest invokes the aid of Beogh against you.
You are unaffected.
Things that are here:
a +0 dagger; a +0 robe; an orc corpse You feel yourself speed up.
Found a stone staircase leading down.
You barely miss the orc. The orc hits you but does no damage.
The orc warrior barely misses you. The orc closely misses you.
The orc priest invokes the aid of Beogh against you.
You struggle to resist.
Cornered, the orc priest turns to fight!
The orc barely misses you.
The orc priest calls down the wrath of Beogh upon you.
Beogh smites you!
You die...

............####o
###........g#.........
..#...#####.# ........ ..#...+
#o# ........ .##...# #)# ......
.#....# #)# .... ...# .#....#
#o####'############.... .#....#
#....o...........[..... ##....#
#..o..@................
............................g....
..............................g..
..........#'#####...........g..g.
............. .........<......
.......>...## .o######........
..........# ### ##....... .....
#.##.... ..... #.. ....


You could see an orc warrior, 2 orc priests and an orc.

Vanquished Creatures
  Maggie (D:7)
  A wraith (D:9)
  A wyvern (D:8)
  2 ice beasts
  5 ogres
  A phantom (D:5)
  3 kobold brigands
  4 bullfrogs
  2 necrophages (D:6)
  A gnoll sergeant (D:9)
  7 scorpions
  4 wights (D:8)
  3 killer bees (D:6)
  A howler monkey (D:6)
  An electric eel (D:8)
  4 hounds
  A jelly (D:6)
  3 gnoll boudas
  4 orc priests
  Crazy Yiuf (D:7)
  3 iguanas
  5 orc wizards
  6 gnolls
  6 adders
  A white imp (D:6)
  3 ufetubi
  A worm (D:4)
  A dart slug (D:3)
  31 orcs
  4 endoplasms
  2 giant cockroaches (D:4)
  5 goblins
  3 hobgoblins
  3 jackals (D:3)
  5 quokkas
  3 ball pythons (D:4)
  A bat (D:2)
  2 frilled lizards
  13 kobolds
  9 rats
157 creatures vanquished.

Vanquished Creatures (others)
  12 plants
12 creatures vanquished.

Grand Total: 169 creatures vanquished

Notes
Turn   | Place    | Note
-------+----------+-------------------------------------------
     0 | D:1      | KittyFluff the Gargoyle Berserker began the quest for the
                  | Orb.
     0 | D:1      | Reached XP level 1. HP: 14/14 MP: 1/1
   595 | D:1      | You fall into a shaft and drop 1 floor!
   659 | D:1      | Found a faded altar of an unknown god.
   730 | D:1      | Reached XP level 2. HP: 19/19 MP: 2/2
  1430 | D:2      | Reached XP level 3. HP: 9/24 MP: 3/3
  1771 | D:2      | Found Datug's Magic Scroll Shoppe.
  2275 | D:2      | Bought a scroll of identify for 22 gold pieces
  2275 | D:2      | Bought a scroll of identify for 22 gold pieces
  2459 | D:3      | Reached XP level 4. HP: 29/29 MP: 4/4
  2783 | D:4      | Reached ** piety under Trog
  2846 | D:4      | Noticed a scorpion
  2856 | D:4      | Killed a scorpion
  2857 | D:4      | Reached skill level 4 in Maces & Flails
  2857 | D:4      | Reached XP level 5. HP: 33/33 MP: 5/5
  3057 | D:4      | Found a staircase to the Ecumenical Temple.
  3248 | D:4      | Reached XP level 6. HP: 37/39 MP: 6/6
  3948 | D:4      | Reached skill level 5 in Maces & Flails
  4044 | D:5      | Entered Level 5 of the Dungeon
  4392 | D:5      | Reached XP level 7. HP: 32/44 MP: 7/7
  5342 | D:5      | Reached skill level 5 in Fighting
  5342 | D:5      | Reached skill level 6 in Maces & Flails
  5585 | D:5      | Reached skill level 5 in Armour
  5585 | D:5      | Reached XP level 8. HP: 28/49 MP: 8/8
  5784 | D:5      | Reached skill level 1 in Stealth
  6030 | D:6      | Found an opulent altar of Gozag.
  6074 | D:6      | Reached skill level 7 in Maces & Flails
  6079 | D:6      | Reached *** piety under Trog
  6414 | D:6      | HP: 2/51 [orc/+0 trident (7)]
  7128 | D:6      | Reached XP level 9. HP: 40/55 MP: 9/9
  7220 | D:6      | Reached skill level 8 in Maces & Flails
  7987 | D:7      | Identified the +0 kite shield of the Lost Path {Regen+}
  8024 | D:7      | Identified the ring of Iracir {Fire Fly Will++ Stlth-}
  8173 | D:7      | Found an ornate altar of the Wu Jian Council.
  8202 | D:7      | Noticed Maggie
  8228 | D:7      | Killed Maggie
  8464 | D:7      | Found a transporter.
  8523 | D:7      | Found a transporter.
  8580 | D:7      | Reached skill level 1 in Throwing
  8610 | D:7      | Found Furuiny's Elemental Accessories.
  8643 | D:7      | Found a runed translucent door.
  8644 | D:7      | Noticed Crazy Yiuf
  8655 | D:7      | Killed Crazy Yiuf
  8744 | D:7      | Noticed wormed's ghost (novice DsGl)
  8931 | D:8      | Found a burning altar of Makhleb.
  8949 | D:8      | Reached skill level 9 in Maces & Flails
  8949 | D:8      | Found a sparkling altar of Nemelex Xobeh.
  9046 | D:8      | Reached skill level 5 in Dodging
  9298 | D:8      | Reached XP level 10. HP: 42/63 MP: 10/10
  9300 | D:8      | Reached **** piety under Trog
  9711 | D:9      | HP: 2/63 [orc/+0 flail (3)]
  9721 | D:9      | Killed from afar by an orc priest

Illustrated notes

Levels and vault maps discovered:
D:1:      dpeg_arrival_pond, layout_basic, hellmonk_ecumenical_altar_crossroads,
          serial_forest, infiniplex_forest_straight_5,
          infiniplex_forest_clump_curved, infiniplex_forest_clump_curved,
          infiniplex_forest_lined_1, infiniplex_forest_clump_small,
          infiniplex_forest_straight_4, infiniplex_forest_straight_1,
          infiniplex_forest_lined_2
D:2:      wander_river, layout_basic, serial_shops, shop, minmay_misc_feat_doors
D:3:      layout_rooms
D:4:      layout_rooms, minmay_temple_entry_wispy, chequers_big_river,
          minmay_checkerbox
D:5:      layout_basic
D:6:      layout_layer_cave, lemuel_tele_altar, st_stairs_9
D:7:      layout_rooms, overflow_temple_1_default,
          gammafunk_ghost_gnarly_gnolls, kennysheep_nondescript,
          nicolae_elemental_shop, uniq_crazy_yiuf_cottage, uniq_maggie
D:8:      layout_rooms, nicolae_overflow_squiral
D:9:      layout_irregular_city, gammafunk_temple_overflow_wave,
          minmay_hollow_rounded_squares

Skill      XL: |  1  2  3  4  5  6  7  8  9 |
---------------+----------------------------+-----
Dodging        | 2 3 5 |  5.1
Fighting       | 4 5 6 7 |  7.3
Maces & Flails | 4 5 6 7 9 |  9.4
Armour         | 3 4 5 7 |  7.4
Stealth        | 1 2 |  2.4
Throwing       | 1 |  1.2

Action                   |  1- 3 |  4- 6 |  7- 9 | 10-12 || total
-------------------------+-------+-------+-------+-------++-------
Melee: Mace              |   132 |   205 |   476 |    48 ||   861
       Punch             |     1 |     2 |     2 |     1 ||     6
Throw: Stone             |     1 |     4 |    30 |       ||    35
Invok: Berserk           |     1 |     1 |     7 |       ||     9
  Use: Scroll            |     2 |     4 |     6 |     3 ||    15
       Potion            |       |       |     4 |       ||     4
Armor: Animal skin       |    46 |       |       |       ||    46
       Leather armour    |       |    85 |   174 |       ||   259
       Acid dragon scale |       |       |    56 |    28 ||    84
Dodge: Dodged            |    92 |   148 |   356 |    34 ||   630
